 Dungeon Crawl Stone Soup version 0.23-a0-163-g800ba1ec23 (webtiles) character file.

51 Fandomethor the Firebug (level 3, -2/26 HPs)
             Began as a Draconian Fire Elementalist on Sept 9, 2018.
             Slain by Sigmund
             ... wielding a +1 scythe of flaming
              (6 damage)
             ... on level 2 of the Dungeon.
             The game lasted 00:04:41 (1098 turns).

Fandomethor the Firebug (DrFE)                      Turns: 1098, Time: 00:04:42

Health: -2/26      AC:  5    Str: 10    XL:     3   Next: 57%
Magic:  5/7        EV: 12    Int: 16    God:
Gold:   185        SH:  5    Dex: 11    Spells: 6/7 levels left

rFire    . . .     SeeInvis .   (no weapon)
rCold    . . .     Gourm    .   (no shield)
rNeg     . . .     Faith    .   (armour unavailable)
rPois    .         Spirit   .   (helmet restricted)
rElec    .         Reflect  +   (no cloak)
rCorr    .         Harm     .   (no gloves)
MR       .....                  (no boots)
Stlth    ++........             f - +5 amulet of reflection
HPRegen  0.08/turn              (no ring)
MPRegen  0.10/turn              (no ring)

@: no status effects
A: unfitting armour, cold-blooded, AC +5
a: no special abilities


You were on level 2 of the Dungeon.
You were not hungry.

You visited 1 branch of the dungeon, and saw 2 of its levels.

You collected 185 gold pieces.

Inventory:

Jewellery
 f - a +5 amulet of reflection (around neck)
 n - an uncursed ring of flight {unknown}
Scrolls
 c - a scroll of fear {unknown}
 e - 2 scrolls of remove curse {unknown}
 g - a scroll of amnesia {unknown}
 h - a scroll of immolation {unknown}
 k - a scroll of teleportation {unknown}
Potions
 a - a potion of magic {unknown}
 d - a potion of flight {unknown}
 i - a potion of berserk rage {unknown}
 j - a potion of haste {unknown}
 l - a potion of lignification {unknown}
 m - a potion of mutation {unknown}
Comestibles
 b - 5 rations


   Skills:
 - Level 1.7 Dodging
 - Level 1.7 Stealth
 + Level 2.7 Spellcasting
 + Level 2.1 Conjurations
 + Level 3.6 Fire Magic


You had 6 spell levels left.
You knew the following spells:

 Your Spells              Type           Power        Failure   Level  Hunger
a - Flame Tongue          Conj/Fire      ##...        6%          1    #......

Your spell library contained the following spells:

 Spells                   Type           Power        Failure   Level  Hunger
 Throw Flame              Conj/Fire      ##....       9%          2    ##.....
 Conjure Flame            Conj/Fire      ##......     19%         3    ###....
 Inner Flame              Hex/Fire       #.......     28%         3    ###....
 Sticky Flame             Conj/Fire      ##......     52%         4    #####..
 Fireball                 Conj/Fire      ##........   86%         5    ######.


Dungeon Overview and Level Annotations

Branches:
Dungeon (2/15)

Altars:

Annotations:
D:2 Sigmund


Innate Abilities, Weirdness & Mutations

Your plain brown scales are hard. (AC +5)
You cannot fit into any form of body armour.
You are cold-blooded and may be slowed by cold attacks.


Message History

Sigmund is severely wounded.
Sigmund hits you from afar with a scythe of flaming!
Sigmund burns you.
The kobold throws a stone.
You reflect the stone off an invisible shield around you!
The stone closely misses the kobold.
Sigmund casts a spell at you. You resist with significant effort.
Sigmund mumbles some strange words.
Sigmund flickers and vanishes!
Deactivating autopickup; reactivate with Ctrl-A.
A worm comes into view.
The worm closely misses you.
You see here a peridot ring.
n - a peridot ring The worm bites you!
* * * LOW HITPOINT WARNING * * *
The worm bites you but does no damage. Something hits you but does no damage.
You hit something. Something hits you.
You die...

####### #########.....#
#.....@K..#..# #####
###.....###...#
....#####((.........###
....##.. .#.....###.#
....##.# #.....w...#
.......####.....#####
.....##.....†.###
........####..#
....########.##


You could see a kobold.

Vanquished Creatures
  A dart slug (D:2)
  3 leopard geckos
  3 giant cockroaches (D:2)
  3 goblins (D:1)
  2 hobgoblins (D:2)
  8 jackals
  5 kobolds
  5 bats
  8 frilled lizards
  4 rats
42 creatures vanquished.

Notes
Turn   | Place    | Note
-------+----------+-------------------------------------------
     0 | D:1      | Fandomethor the Draconian Fire Elementalist began the quest
                  | for the Orb.
     0 | D:1      | Reached XP level 1. HP: 14/14 MP: 3/3
   166 | D:1      | Reached XP level 2. HP: 14/20 MP: 0/5
   668 | D:1      | Reached XP level 3. HP: 26/26 MP: 4/6
  1055 | D:2      | Noticed Sigmund
  1098 | D:2      | Slain by Sigmund

Vault maps used:
D:1:      lemuel_arrival_muddy, serial_glass, glass_columns_b, glass_columns_a,
          minmay_lizard_pond
D:2:      uniq_sigmund

Skill      XL: |  1  2  3 |
---------------+----------+-----
Conjurations   | 2 |  2.1
Dodging        | |  1.7
Stealth        | |  1.7
Spellcasting   | |  2.7
Fire Magic     | |  3.6

Action                   || total
-------------------------++-------
Melee: Unarmed           ||    87
       Tailslap          ||     5
 Cast: Flame Tongue      ||    48
 Stab: Sleeping          ||     1
  Eat: Chunk             ||     1
Armor: Skin              ||    30
Dodge: Dodged            ||    60
Block: Other             ||    21
       Reflection        ||     2

Table legend:
 A = Non-vault XP
 B = Vault XP
 C = Vault XP percentage of total XP
 D = Non-vault monster count
 E = Vault monster count
 F = Vault count percentage of total count
                 A         B        C        D         E       F
            +---------+---------+-------+---------+---------+-------
      Total |      69 |       4 |   5.5 |      38 |       4 |   9.5
            +---------+---------+-------+---------+---------+-------
        D:1 |      37 |       4 |   9.8 |      21 |       4 |  16.0
        D:2 |      32 |       0 |   0.0 |      17 |       0 |   0.0
            +---------+---------+-------+---------+---------+-------
